Map: Simulacrum LE

Players

Has - Winner!

  • Race: Protoss Protoss
  • Spawn Location: 11:00

Bly

  • Race: Zerg Zerg
  • Spawn Location: 5:00

Event: IEM Katowice 2020

VOD

Have the link to the VOD?

Description

Time

  • Played on: Feb. 24, 2020, 1:05 p.m.
  • Length: 10:28

All games in this series

Show
View Real Time Build Order
Export as new Build Order

Has Protoss - Winner!

Build Orders: Oracle Opening 

Get SALT Encoding   

  12  0:00  Probe  
  13  0:12  Probe  
  14  0:18  Pylon  
  14  0:24  Probe  
  15  0:36  Gateway  
  15  0:39  Probe (Chrono Boost)  
  16  0:48  Probe (Chrono Boost)  
  17  0:50  Assimilator  
  17  0:53  Probe (Chrono Boost)  
  18  1:05  Probe  
  19  1:15  Pylon  
  19  1:17  Probe  
  20  1:24  Zealot  
  22  1:26  Cybernetics Core  
  23  1:34  Probe, Pylon  
  23  1:37  Assimilator  
  23  1:52  Probe  
  24  1:57  Pylon  
  24  2:00  Adept (Chrono Boost)  
  24  2:04  Probe  
  27  2:16  Probe  
  27  2:17  Stargate  
  27  2:20  Adept (Chrono Boost)  
  28  2:28  Probe  
  31  2:38  Warp Gate  
  31  2:59  Nexus  
  31  3:06  Oracle (Chrono Boost)  
  34  3:14  Probe  
  35  3:26  Probe  
  35  3:38  Probe  
  36  3:48  Pylon  
  36  3:50  Probe, Twilight Council  
  36  3:51  Robotics Facility  
  37  4:02  Probe  
  38  4:14  Probe (Chrono Boost)  
  37  4:22  Probe (Chrono Boost)  
  37  4:23  Resonating Glaives  
  38  4:26  Stalker  
  38  4:27  Probe (Chrono Boost)  
  38  4:29  Gateway  
  38  4:31  Probe (Chrono Boost)  
  42  4:33  Probe (Chrono Boost)  
  42  4:36  Probe (Chrono Boost)  
  44  4:40  Observer  
  44  4:43  Gateway  
  46  4:47  Gateway  
  46  4:50  Gateway  
  45  4:58  Pylon  
  47  5:03  Warp Prism (Chrono Boost)  
  47  5:06  Probe  
  48  5:12  Probe  
  49  5:17  Pylon  
  49  5:18  Adept  
  51  5:25  Probe x2  
  51  5:26  Pylon  
  51  5:27  Adept  
  55  5:35  Immortal (Chrono Boost)  
  59  5:52  Adept x5  
  69  6:01  Pylon  
  69  6:07  Observer  
  69  6:13  Immortal (Chrono Boost)  
  69  6:15  Probe x2  
  69  6:17  Assimilator  
  75  6:19  Charge, Assimilator  
  75  6:25  Pylon  
  75  6:27  Probe x2  
  77  6:39  Probe x2  
  79  6:43  Nexus  
  78  6:51  Probe x2  
  80  6:57  Sentry x3  
  80  7:00  Forge  
  86  7:03  Probe, Gateway  
  86  7:07  Gateway  
  87  7:10  Probe  
  87  7:15  Probe  
  89  7:18  Immortal (Chrono Boost)  
  89  7:21  Pylon  
  93  7:23  Protoss Ground Weapons Level 1 (Chrono Boost)  
  93  7:29  Templar Archives  
  93  7:32  Probe  
  94  7:49  Probe x2  
  94  7:51  Zealot x3  
  102  7:53  Pylon  
  102  7:56  Zealot  
  104  8:00  Zealot  
  106  8:08  High Templar  
  106  8:09  High Templar  
  106  8:10  Pylon  
  106  8:12  Archon  
  109  8:13  Zealot  
  109  8:14  Zealot x2  
  115  8:25  Pylon  
  100  8:41  Zealot x3  
  100  8:42  Zealot x4  
  90  8:50  Probe x2  
  90  8:52  Probe  
  85  9:02  Zealot  
  75  9:03  Zealot x5  
  80  9:15  Zealot  
  81  9:21  Probe x3  
  78  9:33  Probe  
  78  9:37  High Templar x3  
  78  9:38  High Templar x4  
  93  9:41  Probe x2  
  95  9:47  Archon x2  
  95  9:48  Archon  
  95  9:55  Probe  
  94  10:04  Probe  
  87  10:17  High Templar  
  87  10:18  High Templar x2  
  93  10:21  Zealot x2  
  93  10:22  Archon, Zealot x2  
  93  10:23  Archon  
Show
View Real Time Build Order
Export as new Build Order

Bly Zerg 

Build Orders: 3 Hatch before Pool 

Get SALT Encoding   

  12  0:01  Drone  
  13  0:12  Overlord  
  13  0:19  Drone  
  14  0:32  Drone x2  
  16  0:49  Hatchery  
  15  0:54  Drone  
  16  1:15  Hatchery  
  15  1:20  Drone  
  15  1:23  Drone  
  17  1:38  Spawning Pool  
  16  1:44  Drone  
  17  1:50  Extractor, Drone  
  17  1:55  Drone  
  17  1:57  Drone  
  19  2:03  Drone  
  19  2:08  Drone  
  21  2:12  Drone  
  22  2:21  Drone  
  23  2:26  Evolution Chamber  
  23  2:27  Queen x2, Overlord  
  27  2:30  Zergling x2  
  28  2:49  Zergling x6  
  28  2:50  Zergling x2, Metabolic Boost  
  32  2:58  Overlord  
  32  3:02  Zergling x2, Queen  
  35  3:12  Overlord  
  35  3:16  Spore Crawler  
  32  3:28  Drone x3  
  34  3:39  Drone x3  
  35  3:42  Drone x3  
  38  3:50  Spore Crawler  
  38  3:52  Evolution Chamber  
  35  3:56  Zergling x4  
  34  4:10  Zergling x4  
  35  4:20  Drone x6  
  40  4:28  Drone  
  40  4:29  Drone  
  42  4:35  Drone x2  
  44  4:42  Drone  
  45  4:49  Overlord x2  
  45  4:57  Hatchery  
  44  5:00  Overlord  
  44  5:02  Overlord  
  44  5:13  Drone x6  
  49  5:18  Drone x2  
  49  5:19  Drone  
  49  5:20  Drone  
  53  5:28  Extractor  
  52  5:31  Roach Warren  
  52  5:34  Drone x2  
  53  5:45  Spine Crawler  
  53  5:47  Extractor  
  51  5:53  Overlord  
  51  6:10  Roach x10  
  69  6:18  Extractor  
  68  6:19  Roach  
  68  6:21  Drone x3  
  68  6:22  Drone  
  68  6:24  Overlord  
  74  6:28  Lair  
  74  6:38  Drone, Overlord  
  73  7:03  Hatchery  
  73  7:04  Drone x6  
  73  7:05  Drone x3  
  73  7:06  Queen  
  80  7:28  Glial Reconstitution  
  79  7:30  Roach x6  
  91  7:38  Overlord x5  
  91  7:44  Overlord  
  91  7:46  Overlord  
  91  7:52  Overseer  
  91  7:55  Queen  
  91  7:58  Zergling x6  
  95  8:00  Roach x2  
  95  8:02  Ravager x8  
  108  8:08  Roach  
  110  8:18  Roach x3, Baneling Nest  
  115  8:23  Roach  
  117  8:28  Roach x5  
  127  8:41  Roach x3  
  124  8:45  Roach x3  
  110  8:51  Roach x3  
  100  8:57  Roach x3  
  100  9:00  Queen x2  
  99  9:06  Roach x3  
  89  9:10  Roach  
  89  9:15  Roach x2  
  75  9:19  Roach  
  63  9:28  Roach x2  
  62  9:33  Roach  
  61  9:41  Roach x2  
  61  9:44  Roach Warren  
  62  9:46  Roach  
  60  10:00  Roach x3  

Tags
 
Add a new tag
Caveats
  • Supply blocks, unpowered buildings, or Contaminate may cause inaccurate times.
  • Supply counts are checked every 10 seconds.